[Event "Anderssen Festival 2019"]
[Site "Wroclaw"]
[Date "2019.08.08"]
[Round "5.2"]
[White "Piotrowski, Przemyslaw"]
[Black "Butkiewicz, Lukasz"]
[Result "1/2-1/2"]
[ECO "A46"]
[WhiteElo "2273"]
[BlackElo "2425"]
[Annotator "NA"]
[PlyCount "130"]
[EventDate "2019.08.05"]
[EventType "swiss"]
[EventCountry "POL"]
[SourceTitle "playchess.com"]
[Source "ChessBase"]
[SourceQuality "1"]
[TimeControl "40/5400+30:900+30"]

1. Nf3 Nf6 2. g3 b5 3. Bg2 Bb7 4. O-O e6 5. d4 Be7 6. a4 b4 7. c3 a5 8. Nbd2 O-O 9. Nb3 bxc3 10. bxc3 d5 11. Ne5 Nbd7 12. Nd3 Nb6 13. Ba3 Bd6 14. Nbc5 Bc6 15. Ne5 Qe8 16. c4 Nxc4 17. Nxc4 dxc4 18. e4 Nd7 19. Nxd7 Qxd7 20. Bb2 Rab8 21. Qc2 Rb4 22. Bc3 Bxa4 23. Qe2 Rbb8 24. Bxa5 Bb3 25. Qd2 Rfd8 26. Rfc1 Be7 27. d5 Bf6 28. Bc3 Bxc3 29. Qxc3 c6 30. dxe6 Qxe6 31. Ra7 h6 32. Bf1 Qxe4 33. Re1 Qd5 34. Ree7 Rf8 35. Rad7 Qc5 36. Re4 Qf5 37. Rde7 Rbd8 38. Bxc4 Bxc4 39. Qxc4 Qf3 40. Re1 Rd2 41. Qc5 Rfd8 42. Qe3 Qf6 43. Re2 Rxe2 44. Qxe2 c5 45. Re4 Qa1+ 46. Kg2 Qa8 47. Qf3 Re8 48. Rc4 Qxf3+ 49. Kxf3 Re5 50. Kg2 Kf8 51. f4 Rd5 52. Kf3 Ke7 53. Ra4 Ke6 54. g4 g6 55. Ke4 f5+ 56. gxf5+ gxf5+ 57. Ke3 Rd6 58. Ra8 Kd5 59. Rf8 Re6+ 60. Kf3 c4 61. Rxf5+ Kd4 62. Rf8 c3 63. Rc8 Kd3 64. f5 Re1 65. Rd8+ Kc4 1/2-1/2

[Event "Anderssen Festival 2019"]
[Site "Wroclaw"]
[Date "2019.08.08"]
[Round "5.3"]
[White "Eggink, Ryszard"]
[Black "Mitchell, Martin"]
[Result "1-0"]
[ECO "B07"]
[WhiteElo "2377"]
[BlackElo "2218"]
[Annotator "NA"]
[PlyCount "45"]
[EventDate "2019.08.05"]
[EventType "swiss"]
[EventCountry "POL"]
[SourceTitle "playchess.com"]
[Source "ChessBase"]
[SourceQuality "1"]
[TimeControl "40/5400+30:900+30"]

1. e4 d6 2. d4 Nf6 3. Nc3 g6 4. Be3 c6 5. Qd2 b5 6. f3 Nbd7 7. g4 h5 8. g5 Nh7 9. d5 b4 10. dxc6 Ne5 11. Bb5 Qa5 12. Nd5 Rb8 13. f4 e6 14. fxe5 Rxb5 15. exd6 Bxd6 16. Nb6 Be5 17. Nc4 Qc7 18. Nf3 O-O 19. Ncxe5 Rxe5 20. Nxe5 Qxe5 21. O-O-O Qxe4 22. Bc5 Re8 23. c7 1-0

[Event "Anderssen Festival 2019"]
[Site "Wroclaw"]
[Date "2019.08.08"]
[Round "5.4"]
[White "Kareva, Natalia"]
[Black "Dubinski, Mateusz"]
[Result "1/2-1/2"]
[ECO "E70"]
[WhiteElo "2135"]
[BlackElo "2306"]
[Annotator "NA"]
[PlyCount "89"]
[EventDate "2019.08.05"]
[EventType "swiss"]
[EventCountry "POL"]
[SourceTitle "playchess.com"]
[Source "ChessBase"]
[SourceQuality "1"]
[TimeControl "40/5400+30:900+30"]

1. d4 Nf6 2. c4 g6 3. Nc3 Bg7 4. e4 O-O 5. g3 c6 6. Bg2 d5 7. cxd5 cxd5 8. e5 Ne4 9. Nxe4 dxe4 10. Bxe4 Qa5+ 11. Bd2 Qb6 12. Bc3 Nc6 13. Qb3 Qa6 14. Rd1 Bf5 15. f3 Bxe4 16. fxe4 b5 17. Nf3 Qb6 18. Bb4 Rfd8 19. Bc5 Qa5+ 20. Kf2 Rac8 21. Rc1 Bh6 22. Rc2 b4 23. Rd1 Bg7 24. Rc4 Nxe5 25. Nxe5 Bxe5 26. Bxb4 Qb6 27. Bc5 Rxc5 28. dxc5 Qf6+ 29. Kg2 Rb8 30. Rb4 Rc8 31. Qc2 h5 32. Rd5 h4 33. Qf2 Qe6 34. Rb3 hxg3 35. hxg3 Kg7 36. Qc2 f6 37. Rd1 Rh8 38. Qf2 Qh3+ 39. Kf3 Qh5+ 40. g4 Qh3+ 41. Ke2 Qxg4+ 42. Qf3 Rh2+ 43. Kf1 Rh1+ 44. Ke2 Rh2+ 45. Kf1 1/2-1/2

[Event "Anderssen Festival 2019"]
[Site "Wroclaw"]
[Date "2019.08.08"]
[Round "5.5"]
[White "Barbier, Astrid"]
[Black "Gutenev, Alexander"]
[Result "0-1"]
[ECO "B30"]
[WhiteElo "1941"]
[BlackElo "2470"]
[Annotator "ChessBase"]
[PlyCount "54"]
[EventDate "2019.08.05"]
[EventType "swiss"]
[EventCountry "POL"]
[SourceTitle "playchess.com"]
[Source "ChessBase"]
[SourceQuality "1"]
[TimeControl "40/5400+30:900+30"]

1. e4 c5 2. Nc3 Nc6 3. Bb5 Nd4 4. Bc4 e6 5. Nf3 a6 6. Nxd4 cxd4 7. Ne2 Nf6 8. d3 Bc5 9. O-O d5 10. exd5 Nxd5 11. a3 b5 12. Ba2 Bb7 13. c4 dxc3 14. Nxc3 O-O 15. Ne4 Bd4 16. Rb1 h6 17. b4 Rc8 18. Bb2 Bxb2 19. Rxb2 Nc3 20. Nxc3 Rxc3 21. Rb3 Qd5 22. f3 Qd4+ 23. Kh1 Rfc8 24. Bb1 Bd5 25. Rxc3 Rxc3 26. Qd2 Rxa3 27. Rc1 g5 0-1

[Event "Anderssen Festival 2019"]
[Site "Wroclaw"]
[Date "2019.08.08"]
[Round "5.6"]
[White "Chernyshov, Konstantin"]
[Black "Malecki, Rafal"]
[Result "1-0"]
[ECO "A52"]
[WhiteElo "2446"]
[BlackElo "2063"]
[Annotator "NA"]
[PlyCount "77"]
[EventDate "2019.08.05"]
[EventType "swiss"]
[EventCountry "POL"]
[SourceTitle "playchess.com"]
[Source "ChessBase"]
[SourceQuality "1"]
[TimeControl "40/5400+30:900+30"]

1. d4 Nf6 2. c4 e5 3. dxe5 Ng4 4. Bf4 g5 5. Bg3 Bg7 6. Nf3 Nc6 7. e3 Ngxe5 8. Nxe5 Nxe5 9. Nc3 d6 10. Be2 Be6 11. O-O O-O 12. Qb3 f5 13. Bxe5 Bxe5 14. Bf3 Kh8 15. Rad1 Rb8 16. Nd5 b5 17. Rd2 a5 18. Be2 c6 19. Nc3 bxc4 20. Qc2 Qb6 21. Na4 Qb4 22. f4 gxf4 23. exf4 Bxb2 24. Qxb2+ Qxb2 25. Rxb2 Rb4 26. Bd1 Rfb8 27. Re2 Bf7 28. Re7 Kg8 29. Rc7 c5 30. Bc2 Be6 31. Re1 Bd5 32. Rd1 Be4 33. Bxe4 fxe4 34. Nc3 e3 35. Re7 d5 36. Nxd5 Rb1 37. Rf1 c3 38. Nxc3 Rxf1+ 39. Kxf1 1-0

[Event "Anderssen Festival 2019"]
[Site "Wroclaw"]
[Date "2019.08.08"]
[Round "5.7"]
[White "Skliarov, Viktor"]
[Black "Szajda, Marcin"]
[Result "1-0"]
[ECO "A39"]
[WhiteElo "2360"]
[BlackElo "1955"]
[Annotator "NA"]
[PlyCount "115"]
[EventDate "2019.08.05"]
[EventType "swiss"]
[EventCountry "POL"]
[SourceTitle "playchess.com"]
[Source "ChessBase"]
[SourceQuality "1"]
[TimeControl "40/5400+30:900+30"]

1. c4 c5 2. Nc3 Nc6 3. g3 g6 4. Bg2 Bg7 5. Nf3 Nf6 6. O-O O-O 7. d4 cxd4 8. Nxd4 Nxd4 9. Qxd4 d6 10. Rd1 a6 11. Qh4 Qc7 12. Bg5 Be6 13. b3 Rfe8 14. Rac1 Rab8 15. Na4 b6 16. Nc3 Qc5 17. Ne4 Nxe4 18. Bxe4 f6 19. Be3 Qc8 20. Bd5 Kh8 21. Qd4 Bg4 22. Qd2 a5 23. a3 Bd7 24. h4 Bg4 25. Kh2 Rf8 26. Bd4 Bd7 27. b4 axb4 28. axb4 Ba4 29. Rh1 Bc6 30. b5 Bd7 31. h5 gxh5 32. Kg2 Be8 33. Qe3 Qd8 34. Be6 Bg6 35. Ra1 f5 36. Ra7 Bxd4 37. Qxd4+ Rf6 38. Rd7 Qf8 39. Ra1 Be8 40. Rc7 Bf7 41. Qxf6+ exf6 42. Rxf7 Qh6 43. Bxf5 Rf8 44. Rxh7+ Qxh7 45. Bxh7 Kxh7 46. Ra7+ Kg6 47. Rc7 Kf5 48. Rc6 Ke5 49. Rxb6 Rc8 50. Rc6 Rb8 51. e3 f5 52. Kf3 Rh8 53. b6 Rb8 54. c5 dxc5 55. Rxc5+ Kf6 56. Rb5 Rb7 57. Kf4 Kg6 58. f3 1-0

[Event "Anderssen Festival 2019"]
[Site "Wroclaw"]
[Date "2019.08.08"]
[Round "5.8"]
[White "Krawiecki, Stanislaw"]
[Black "Nowak, Mikolaj"]
[Result "0-1"]
[ECO "B07"]
[WhiteElo "1923"]
[BlackElo "2230"]
[Annotator "NA"]
[PlyCount "142"]
[EventDate "2019.08.05"]
[EventType "swiss"]
[EventCountry "POL"]
[SourceTitle "playchess.com"]
[Source "ChessBase"]
[SourceQuality "1"]
[TimeControl "40/5400+30:900+30"]

1. d4 d6 2. e4 g6 3. Bd3 Bg7 4. c3 Nf6 5. f4 O-O 6. Nf3 b6 7. Be3 Bb7 8. Nbd2 d5 9. e5 Ne4 10. Ng5 Nxg5 11. fxg5 f5 12. exf6 exf6 13. O-O Qe7 14. Re1 Nc6 15. gxf6 Qxf6 16. Nf3 Rae8 17. Qd2 Qd6 18. Bh6 Bc8 19. Bxg7 Kxg7 20. Rxe8 Rxe8 21. Bb5 Rf8 22. Bxc6 Qxc6 23. Qg5 Kg8 24. Re1 Bf5 25. Qe7 h6 26. Qe3 Kg7 27. Qe7+ Kg8 28. Qh4 g5 29. Qg3 Be4 30. h4 Qg6 31. hxg5 Rf5 32. Qh3 hxg5 33. Nd2 Rf7 34. Nxe4 dxe4 35. Qg4 Qf6 36. Qe2 Qf5 37. Rf1 Qd5 38. Rxf7 Kxf7 39. b3 Kg6 40. Qg4 Qf5 41. Qg3 Qf4 42. Qh3 Kf6 43. Qh8+ Ke7 44. Qg7+ Kd6 45. Qg6+ Kd7 46. d5 Qe5 47. c4 e3 48. Qf7+ Kc8 49. Kf1 Qa1+ 50. Ke2 Qxa2+ 51. Kxe3 Qxb3+ 52. Kd4 Qb2+ 53. Kd3 Qe5 54. Qg6 a5 55. Qc6 Qf5+ 56. Ke2 Qe4+ 57. Kf2 Kb8 58. Kf1 g4 59. Kf2 Qf4+ 60. Ke2 Qe4+ 61. Kf2 Qf4+ 62. Ke2 g3 63. Qe8+ Ka7 64. Qc6 Qe4+ 65. Kd1 Qd3+ 66. Ke1 Qe3+ 67. Kd1 Qg1+ 68. Kd2 Qxg2+ 69. Kd3 Qf3+ 70. Kc2 Qf4 71. Kb3 Qd6 0-1

[Event "Anderssen Festival 2019"]
[Site "Wroclaw"]
[Date "2019.08.08"]
[Round "5.9"]
[White "Snihur, Piotr"]
[Black "Kawalko, Adam"]
[Result "1-0"]
[ECO "E10"]
[WhiteElo "2256"]
[BlackElo "1920"]
[Annotator "NA"]
[PlyCount "97"]
[EventDate "2019.08.05"]
[EventType "swiss"]
[EventCountry "POL"]
[SourceTitle "playchess.com"]
[Source "ChessBase"]
[SourceQuality "1"]
[TimeControl "40/5400+30:900+30"]

1. d4 Nf6 2. Nf3 e6 3. c4 c5 4. d5 b5 5. dxe6 fxe6 6. cxb5 d5 7. e3 Bd6 8. Be2 O-O 9. O-O Bb7 10. Nbd2 e5 11. e4 Kh8 12. Qc2 d4 13. Bd3 Nbd7 14. Nc4 Qe7 15. Bg5 Nb6 16. Nfd2 h6 17. Bh4 g5 18. Bg3 Nxc4 19. Nxc4 Nd7 20. Rac1 Rac8 21. a4 Nb6 22. Nd2 Qh7 23. a5 c4 24. Bxc4 Nxc4 25. Nxc4 Bxe4 26. Qd1 Rxc4 27. Rxc4 Bd3 28. Rxd4 exd4 29. Bxd6 Re8 30. Re1 Rxe1+ 31. Qxe1 Qe4 32. Qxe4 Bxe4 33. Be5+ Kg8 34. Bxd4 Bd3 35. Bxa7 Bxb5 36. f3 Kf7 37. Kf2 Ke6 38. Ke3 Kd5 39. b4 h5 40. Bc5 g4 41. fxg4 hxg4 42. Kf4 Bf1 43. Kxg4 Bxg2 44. Kf5 Bh3+ 45. Kf6 Kc6 46. a6 Kc7 47. b5 Kb8 48. b6 Ka8 49. b7+ 1-0

[Event "Anderssen Festival 2019"]
[Site "Wroclaw"]
[Date "2019.08.08"]
[Round "5.10"]
[White "Pawicka, Magdalena"]
[Black "Zgadzaj, Rafal"]
[Result "0-1"]
[ECO "B06"]
[WhiteElo "1700"]
[BlackElo "2133"]
[Annotator "NA"]
[PlyCount "124"]
[EventDate "2019.08.05"]
[EventType "swiss"]
[EventCountry "POL"]
[SourceTitle "playchess.com"]
[Source "ChessBase"]
[SourceQuality "1"]
[TimeControl "40/5400+30:900+30"]

1. e4 d6 2. d4 g6 3. Nc3 a6 4. Be3 b5 5. f3 Nd7 6. Qd2 c5 7. O-O-O c4 8. Nce2 Qc7 9. Kb1 Bg7 10. h4 h5 11. Nh3 Ngf6 12. Bf4 Bb7 13. Qe3 Rc8 14. Ng5 e5 15. Bg3 O-O 16. f4 Ng4 17. Qc1 Rce8 18. fxe5 dxe5 19. dxe5 Ndxe5 20. Nf4 c3 21. b3 Qc5 22. Nd3 Nxd3 23. Bxd3 f6 24. Nh3 Bh6 25. Bf4 Bxf4 26. Nxf4 Kg7 27. e5 Nxe5 28. Rhe1 Nxd3 29. Rxd3 Be4 30. Rd7+ Rf7 31. Qd1 Qf5 32. Rxf7+ Kxf7 33. Ne2 Bxg2 34. Nxc3 Rxe1 35. Qxe1 Qf1 36. Qxf1 Bxf1 37. Kc1 g5 38. hxg5 fxg5 39. Kd2 Kg6 40. Ke3 Bg2 41. Kf2 Bc6 42. Ne2 g4 43. c4 b4 44. Nd4 Bd7 45. c5 h4 46. c6 Bc8 47. c7 Kf6 48. Nc6 Ke6 49. Nxb4 Kd6 50. Nd3 Kxc7 51. Nf4 Kd6 52. Ng6 h3 53. Kg3 Kc5 54. Ne5 Kb4 55. Nc4 Be6 56. Nd6 Ka3 57. Kh2 Kxa2 58. b4 Bd7 59. Ne4 Ka3 60. Nc5 Bb5 61. Kg3 Kxb4 62. Ne4 Bd7 0-1

[Event "Anderssen Festival 2019"]
[Site "Wroclaw"]
[Date "2019.08.08"]
[Round "5.11"]
[White "Pokusinski, Antoni"]
[Black "Lugovskoy, Maxim"]
[Result "0-1"]
[ECO "A84"]
[WhiteElo "1671"]
[BlackElo "2425"]
[Annotator "NA"]
[PlyCount "48"]
[EventDate "2019.08.05"]
[EventType "swiss"]
[EventCountry "POL"]
[SourceTitle "playchess.com"]
[Source "ChessBase"]
[SourceQuality "1"]
[TimeControl "40/5400+30:900+30"]

1. d4 e6 2. c4 b6 3. Nf3 Bb7 4. g3 f5 5. Bg2 Nf6 6. O-O Be7 7. b3 O-O 8. Nbd2 a5 9. a3 d6 10. Bb2 Qe8 11. Qc2 Qh5 12. c5 Bd5 13. cxb6 cxb6 14. Nh4 Ne4 15. Nxe4 fxe4 16. Bxe4 Bxh4 17. Bxd5 exd5 18. gxh4 Nd7 19. Qd3 Rae8 20. Rae1 Rf4 21. Kh1 Rxh4 22. Qg3 Re6 23. f3 Rg6 24. Qf2 Rh6 0-1

[Event "Anderssen Festival 2019"]
[Site "Wroclaw"]
[Date "2019.08.08"]
[Round "5.12"]
[White "Seredyn, Dominik"]
[Black "Wieczorek, Zbigniew"]
[Result "1/2-1/2"]
[ECO "E67"]
[WhiteElo "1737"]
[BlackElo "2235"]
[Annotator "NA"]
[PlyCount "67"]
[EventDate "2019.08.05"]
[EventType "swiss"]
[EventCountry "POL"]
[SourceTitle "playchess.com"]
[Source "ChessBase"]
[SourceQuality "1"]
[TimeControl "40/5400+30:900+30"]

1. Nf3 g6 2. c4 Bg7 3. Nc3 d6 4. g3 e5 5. d4 Nd7 6. Bg2 Ngf6 7. dxe5 dxe5 8. Bg5 h6 9. Bxf6 Qxf6 10. Nd5 Qd8 11. O-O O-O 12. Nd2 c6 13. Nc3 f5 14. Qc2 Qe7 15. Rab1 e4 16. e3 h5 17. Ne2 Ne5 18. Rfd1 Be6 19. b3 h4 20. f4 exf3 21. Nxf3 hxg3 22. Nxg3 Nxf3+ 23. Bxf3 Qc5 24. Qf2 Rad8 25. Ne2 Bh6 26. Rd4 Qe5 27. Qg2 Qxe3+ 28. Kh1 Rxd4 29. Qxg6+ Bg7 30. Nxd4 Bc8 31. Rd1 Rd8 32. Kg2 Rxd4 33. Rxd4 Qxd4 34. Qe8+ 1/2-1/2

[Event "Anderssen Festival 2019"]
[Site "Wroclaw"]
[Date "2019.08.08"]
[Round "5.13"]
[White "Socha, Kamil"]
[Black "Nguyen, Alex Dac-Vuong"]
[Result "1/2-1/2"]
[ECO "A05"]
[WhiteElo "1741"]
[BlackElo "2267"]
[Annotator "NA"]
[PlyCount "49"]
[EventDate "2019.08.05"]
[EventType "swiss"]
[EventCountry "POL"]
[SourceTitle "playchess.com"]
[Source "ChessBase"]
[SourceQuality "1"]
[TimeControl "40/5400+30:900+30"]

1. d4 Nf6 2. Nf3 c5 3. g3 cxd4 4. Bg2 d5 5. O-O g6 6. b3 Bg7 7. Bb2 O-O 8. Nxd4 Re8 9. Nf3 Nbd7 10. Nc3 Nc5 11. Ne5 Be6 12. Qd2 Qc7 13. f4 Qb6 14. Kh1 Red8 15. e3 Rac8 16. Qd4 Nfe4 17. Rad1 Nxc3 18. Bxc3 Nd7 19. Rf2 Qc7 20. Ba1 Bg4 21. Rc1 a6 22. h3 Bf5 23. Qxd5 Nxe5 24. Bxe5 Bxe5 25. Qxe5 1/2-1/2

[Event "Anderssen Festival 2019"]
[Site "Wroclaw"]
[Date "2019.08.08"]
[Round "5.14"]
[White "Verwoert, Jef"]
[Black "Krawiec, Grzegorz"]
[Result "1/2-1/2"]
[ECO "A04"]
[WhiteElo "2034"]
[BlackElo "1816"]
[Annotator "NA"]
[PlyCount "40"]
[EventDate "2019.08.05"]
[EventType "swiss"]
[EventCountry "POL"]
[SourceTitle "playchess.com"]
[Source "ChessBase"]
[SourceQuality "1"]
[TimeControl "40/5400+30:900+30"]

1. Nf3 c5 2. g3 Nc6 3. Bg2 e5 4. O-O g6 5. Nc3 d5 6. d3 Bg7 7. e4 d4 8. Ne2 Nge7 9. h3 O-O 10. Nh4 Be6 11. f4 f5 12. fxe5 Bxe5 13. Bh6 Bg7 14. Qd2 fxe4 15. Rxf8+ Bxf8 16. dxe4 Qd7 17. Bxf8 Rxf8 18. Nf4 Ne5 19. Nxe6 Qxe6 20. Qa5 Qb6 1/2-1/2

[Event "Anderssen Festival 2019"]
[Site "Wroclaw"]
[Date "2019.08.08"]
[Round "5.15"]
[White "Czyz, Andrzej"]
[Black "Ochman, Sebastian"]
[Result "1-0"]
[ECO "A00"]
[WhiteElo "2000"]
[BlackElo "1789"]
[Annotator "NA"]
[PlyCount "71"]
[EventDate "2019.08.05"]
[EventType "swiss"]
[EventCountry "POL"]
[SourceTitle "playchess.com"]
[Source "ChessBase"]
[SourceQuality "1"]
[TimeControl "40/5400+30:900+30"]

1. b4 e5 2. Bb2 Bxb4 3. Bxe5 Nf6 4. Nf3 d5 5. e3 O-O 6. c4 Nc6 7. Bb2 Re8 8. cxd5 Nxd5 9. Be2 Bf5 10. O-O a6 11. Nc3 Nxc3 12. dxc3 Bd6 13. Qb3 Re6 14. Rfd1 Be4 15. c4 Qe7 16. Rac1 Rg6 17. g3 b6 18. Nd2 Na5 19. Qc3 f5 20. Nxe4 fxe4 21. Qd4 Rf8 22. Bf1 Nc6 23. Qd5+ Kh8 24. Bg2 Re6 25. a3 Nb8 26. Rc2 Nd7 27. Bh3 Rh6 28. Bxd7 Qxd7 29. Qxe4 Rxh2 30. Rxd6 Qh3 31. Rd7 Qxd7 32. Kxh2 h6 33. Qg6 Kg8 34. Rd2 Qe7 35. Qc6 Qf7 36. Qd5 1-0

[Event "Anderssen Festival 2019"]
[Site "Wroclaw"]
[Date "2019.08.08"]
[Round "5.16"]
[White "Gluch, Pawel"]
[Black "Luberanski, Jakub"]
[Result "0-1"]
[ECO "A26"]
[WhiteElo "1739"]
[BlackElo "2010"]
[Annotator "NA"]
[PlyCount "40"]
[EventDate "2019.08.05"]
[EventType "swiss"]
[EventCountry "POL"]
[SourceTitle "playchess.com"]
[Source "ChessBase"]
[SourceQuality "1"]
[TimeControl "40/5400+30:900+30"]

1. c4 Nf6 2. Nc3 g6 3. Nf3 Bg7 4. g3 O-O 5. Bg2 d6 6. O-O e5 7. d3 Nc6 8. Rb1 a5 9. a3 Re8 10. b4 axb4 11. axb4 e4 12. Nxe4 Nxe4 13. dxe4 Rxe4 14. Ng5 Re8 15. Bd5 Rf8 16. Ne4 Ne7 17. Bb2 c6 18. Bxg7 Kxg7 19. Nf6 Nxd5 20. Nxd5 cxd5 0-1

[Event "Anderssen Festival 2019"]
[Site "Wroclaw"]
[Date "2019.08.08"]
[Round "5.17"]
[White "Piekielny, Pawel"]
[Black "Skiba, Krzysztof"]
[Result "1-0"]
[ECO "C06"]
[WhiteElo "1985"]
[BlackElo "1722"]
[Annotator "NA"]
[PlyCount "155"]
[EventDate "2019.08.05"]
[EventType "swiss"]
[EventCountry "POL"]
[SourceTitle "playchess.com"]
[Source "ChessBase"]
[SourceQuality "1"]
[TimeControl "40/5400+30:900+30"]

1. e4 e6 2. d4 d5 3. Nd2 Nf6 4. e5 Nfd7 5. Bd3 c5 6. c3 Nc6 7. Ne2 cxd4 8. cxd4 f6 9. exf6 Nxf6 10. Nf3 Bd6 11. O-O O-O 12. Bf4 Bxf4 13. Nxf4 Ne4 14. Qc1 Bd7 15. Qe3 Ng5 16. Ne5 Nxe5 17. dxe5 Qe7 18. Rac1 Bc6 19. Ne2 Rac8 20. a3 a6 21. Nd4 Bd7 22. f4 Nf7 23. Nb3 g6 24. g3 Rfd8 25. Qd4 Nh6 26. Qb6 Ng4 27. Rxc8 Rxc8 28. h3 Nxe5 29. fxe5 Qg5 30. Qf2 Qxe5 31. Qf4 Qxf4 32. gxf4 Kf7 33. Kg2 Kf6 34. Re1 h6 35. Kg3 g5 36. Nd4 Rg8 37. Nf3 gxf4+ 38. Kxf4 Rg2 39. Re2 Rxe2 40. Bxe2 e5+ 41. Nxe5 Bxh3 42. Bf3 Ke6 43. Ng4 Kd6 44. Ke3 Kc5 45. Ne5 Bf1 46. Kd2 a5 47. Ng4 a4 48. Ne3 Bc4 49. Nf5 Bf1 50. Kc3 b5 51. Nxh6 d4+ 52. Kc2 Kc4 53. Ng4 b4 54. Ne5+ Kb5 55. Nd3 bxa3 56. bxa3 Kc4 57. Nb2+ Kb5 58. Bh5 Ka5 59. Be8 Be2 60. Bxa4 Bf1 61. Bc6 Be2 62. Be4 Bb5 63. Kd2 Ba6 64. Bf3 Bb5 65. Be2 Bc6 66. Bd3 Bb7 67. Ke2 Kb6 68. Kf2 Kc5 69. Kg3 Bc6 70. Kf4 Bd7 71. Ke5 Be8 72. Bc2 Bb5 73. Ke4 Bc6+ 74. Kd3 Bb5+ 75. Kd2 Ba6 76. Bb3 Bb5 77. Nd3+ Kb6 78. Nf4 1-0

[Event "Anderssen Festival 2019"]
[Site "Wroclaw"]
[Date "2019.08.08"]
[Round "5.18"]
[White "Partoens, Remi"]
[Black "Plichta, Krzysztof"]
[Result "0-1"]
[ECO "B13"]
[WhiteElo "1957"]
[BlackElo "1582"]
[Annotator "NA"]
[PlyCount "66"]
[EventDate "2019.08.05"]
[EventType "swiss"]
[EventCountry "POL"]
[SourceTitle "playchess.com"]
[Source "ChessBase"]
[SourceQuality "1"]
[TimeControl "40/5400+30:900+30"]

1. e4 c6 2. d4 d5 3. exd5 cxd5 4. Bd3 Nc6 5. c3 Qc7 6. Ne2 Bg4 7. f3 Bd7 8. Bf4 e5 9. dxe5 Nxe5 10. O-O Bd6 11. Bc2 Nf6 12. Nd4 O-O 13. Nd2 Nh5 14. Bg3 Nxg3 15. hxg3 Nc6 16. Nxc6 bxc6 17. f4 Qb6+ 18. Kh2 Qxb2 19. Rc1 Rfe8 20. Nf3 Re6 21. Bxh7+ Kxh7 22. Ng5+ Kg8 23. Nxe6 Bxe6 24. f5 Bd7 25. f6 Re8 26. Re1 Rxe1 27. Qxe1 Be5 28. Rb1 Qxc3 29. Rb8+ Kh7 30. Qb1+ g6 31. Rd8 Qxg3+ 32. Kg1 Bd4+ 33. Kh1 Qh4# 0-1

[Event "Anderssen Festival 2019"]
[Site "Wroclaw"]
[Date "2019.08.08"]
[Round "5.19"]
[White "Rog, Mateusz"]
[Black "Kowalczuk, Mikolaj"]
[Result "1-0"]
[ECO "B35"]
[WhiteElo "1473"]
[BlackElo "1942"]
[Annotator "NA"]
[PlyCount "49"]
[EventDate "2019.08.05"]
[EventType "swiss"]
[EventCountry "POL"]
[SourceTitle "playchess.com"]
[Source "ChessBase"]
[SourceQuality "1"]
[TimeControl "40/5400+30:900+30"]

1. e4 c5 2. Nf3 g6 3. d4 cxd4 4. Nxd4 Nc6 5. Nc3 Bg7 6. Be3 Nf6 7. Bc4 O-O 8. Bb3 a5 9. a4 d5 10. exd5 Nb4 11. Ndb5 Bd7 12. Qe2 Rc8 13. O-O Bf5 14. Rfd1 Qd7 15. Bb6 Ne8 16. Bxa5 Na6 17. Bb6 Nd6 18. Bd4 Bh6 19. h3 Qd8 20. g4 Bd7 21. Nxd6 exd6 22. Ne4 f5 23. Nxd6 Bf4 24. Nxc8 Qxc8 25. d6+ 1-0

[Event "Anderssen Festival 2019"]
[Site "Wroclaw"]
[Date "2019.08.08"]
[Round "5.20"]
[White "Wang, Ruiming"]
[Black "Nowak, Filip"]
[Result "0-1"]
[ECO "B83"]
[WhiteElo "1853"]
[BlackElo "1589"]
[Annotator "NA"]
[PlyCount "70"]
[EventDate "2019.08.05"]
[EventType "swiss"]
[EventCountry "POL"]
[SourceTitle "playchess.com"]
[Source "ChessBase"]
[SourceQuality "1"]
[TimeControl "40/5400+30:900+30"]

1. e4 c5 2. Nf3 e6 3. d4 cxd4 4. Nxd4 Nf6 5. Nc3 d6 6. Be2 Be7 7. O-O O-O 8. Be3 Nc6 9. h3 a6 10. Bf3 Qc7 11. a4 Bd7 12. Nb3 Ne5 13. Be2 Bc6 14. f4 Ned7 15. Bf3 b6 16. Nd4 Bb7 17. Qe1 Rac8 18. Bd2 Rfe8 19. Qg3 Bf8 20. Rae1 e5 21. Nf5 Kh8 22. Kh1 Nc5 23. fxe5 dxe5 24. Bg5 Nfd7 25. Bh5 g6 26. Nh6 Bxh6 27. Bxh6 f6 28. Bxg6 Rg8 29. Qh4 Rxg6 30. g4 Rcg8 31. Rf5 Qd6 32. g5 Qe6 33. b4 Qxf5 34. bxc5 Nxc5 35. Kh2 Qf4+ 0-1

[Event "Anderssen Festival 2019"]
[Site "Wroclaw"]
[Date "2019.08.08"]
[Round "6.1"]
[White "Naumkin, Igor"]
[Black "Eggink, Ryszard"]
[Result "0-1"]
[ECO "E15"]
[WhiteElo "2368"]
[BlackElo "2377"]
[Annotator "NA"]
[PlyCount "90"]
[EventDate "2019.08.05"]
[EventType "swiss"]
[EventCountry "POL"]
[SourceTitle "playchess.com"]
[Source "ChessBase"]
[SourceQuality "1"]
[TimeControl "40/5400+30:900+30"]

1. d4 Nf6 2. c4 e6 3. Nf3 b6 4. g3 Bb4+ 5. Bd2 a5 6. Bg2 Bb7 7. O-O O-O 8. Nc3 Bxc3 9. Bxc3 d5 10. b3 Nbd7 11. Qc2 dxc4 12. bxc4 Be4 13. Qb2 Qc8 14. Bh3 Qd8 15. Rad1 Qe7 16. Nd2 Bb7 17. Rfe1 c5 18. d5 exd5 19. cxd5 Bxd5 20. Bxd7 Nxd7 21. Bxg7 Rfe8 22. Nf1 Bc6 23. Bh6 Qf6 24. Qxf6 Nxf6 25. Ne3 Re6 26. Nf5 Be4 27. Nd6 Bd5 28. Nb5 Rc8 29. Rd2 Bc6 30. Nd6 Rd8 31. Red1 Rd7 32. Nc4 Rxe2 33. Nxb6 Rdxd2 34. Bxd2 Ng4 35. Bc3 Kf8 36. Rd6 Bf3 37. Nd5 f5 38. Ne3 Rxa2 39. Nxf5 Rc2 40. Be1 Rc1 41. Re6 Kf7 42. Re7+ Kf6 43. h3 Ne5 44. g4 Rxe1+ 45. Kh2 Nxg4+ 0-1

[Event "Anderssen Festival 2019"]
[Site "Wroclaw"]
[Date "2019.08.08"]
[Round "6.2"]
[White "Gutenev, Alexander"]
[Black "Piotrowski, Przemyslaw"]
[Result "1-0"]
[ECO "B67"]
[WhiteElo "2470"]
[BlackElo "2273"]
[Annotator "ChessBase"]
[PlyCount "97"]
[EventDate "2019.08.05"]
[EventType "swiss"]
[EventCountry "POL"]
[SourceTitle "playchess.com"]
[Source "ChessBase"]
[SourceQuality "1"]
[TimeControl "40/5400+30:900+30"]

1. e4 c5 2. Nf3 d6 3. d4 cxd4 4. Nxd4 Nf6 5. Nc3 Nc6 6. Bg5 e6 7. Qd2 a6 8. O-O-O Bd7 9. f4 b5 10. Bxf6 gxf6 11. Kb1 Qb6 12. Nce2 h5 13. h4 Rg8 14. Rh3 O-O-O 15. Rd3 Be7 16. g3 Kb8 17. Bg2 Rc8 18. Nxc6+ Bxc6 19. f5 exf5 20. Nc3 b4 21. Nd5 Bxd5 22. exd5 Rc4 23. Rb3 a5 24. a3 a4 25. Re3 bxa3 26. Rxa3 Rgg4 27. Qe2 Bd8 28. Bf3 Rgd4 29. c3 Rxd1+ 30. Qxd1 Rc7 31. Qc2 Rb7 32. Ka2 Qb3+ 33. Qxb3 axb3+ 34. Rxb3 f4 35. Bxh5 fxg3 36. Bf3 f5 37. h5 Bg5 38. c4 Kc7 39. Rxb7+ Kxb7 40. b4 Kb6 41. Kb3 f4 42. Kc3 f5 43. Kd3 Bh6 44. Bg2 Bg7 45. Kd2 Kc7 46. Ke2 Kd7 47. Kf3 Bh6 48. Bh3 Ke7 49. b5 1-0